 Dungeon Crawl Stone Soup version 0.27-a0-1242-ge70438ac7b (webtiles) character file.

Game seed: 11863790370698638040

138 Glokmah the Insei (level 5, -1/34 HPs)
             Began as an Octopode Transmuter on June 9, 2021.
             Slain by a bullfrog skeleton (6 damage)
             ... on level 4 of the Dungeon.
             The game lasted 00:04:32 (3574 turns).

Glokmah the Insei (Octopode Transmuter)             Turns: 3574, Time: 00:04:32

Health: -1/34      AC:  1    Str: 10    XL:     5   Next: 21%
Magic:  5/8        EV: 13    Int: 16    God:
Gold:   102        SH:  0    Dex: 12    Spells: 3/9 levels left

rFire    . . .     SeeInvis .     - Unarmed
rCold    . . .     Faith    .   (no shield)
rNeg     . . .     Spirit   .   (helmet currently unavailable)
rPois    .         Reflect  .   (no amulet)
rElec    .         Harm     .   (no ring)
rCorr    .         Rampage  .   (no ring)
Will     .....                  (no ring)
Stlth    ++........             (no ring)
HPRegen  0.11/turn              (no ring)
MPRegen  0.11/turn              (no ring)
                                (no ring)
                                (no ring)

@: appendages, wereblooded
A: tentacle spike 3, almost no armour, amphibious, 8 rings, camouflage 1,
gelatinous body 1, (nimble swimmer 1), tentacles
a: End Transformation


You were on level 4 of the Dungeon.
One of your tentacles had grown a beastly spike.
You visited 1 branch of the dungeon, and saw 4 of its levels.

You collected 102 gold pieces.

Inventory:

Missiles
 b - 33 poisoned darts
 e - a throwing net
Wands
 a - a wand of mindburst (16)
Scrolls
 c - a scroll of enchant weapon
 g - a scroll of identify
Potions
 d - 2 potions of ambrosia
 i - 2 potions of curing {unknown}
 l - a potion of flight {unknown}


   Skills:
 + Level 2.0 Fighting
 - Level 2.0 Dodging
 * Level 4.0 Unarmed Combat
 + Level 2.6 Spellcasting
 * Level 3.3 Transmutations
 + Level 1.0 Poison Magic


You had 3 spell levels left.
You knew the following spells:

 Your Spells              Type           Power      Damage    Failure   Level
a - Beastly Appendage     Tmut           24%        N/A       4%          1
b - Wereblood             Tmut           12%        N/A       8%          2
c - Spider Form           Tmut/Pois      4%         N/A       24%         3

Your spell library contained the following spells:

 Spells                   Type           Power      Damage    Failure   Level
 Animate Skeleton         Necr           4%         N/A       21%         1
 Apportation              Tloc           4%         N/A       21%         1
 Corona                   Hex            2%         N/A       21%         1
 Summon Small Mammal      Summ           8%         N/A       21%         1
 Ice Form                 Ice/Tmut       7%         N/A       69%         4
 Haunt                    Necr/Summ      1%         N/A       100%        7
 Malign Gateway           Summ/Tloc      1%         N/A       100%        7
 Monstrous Menagerie      Summ           1%         N/A       100%        7
 Summon Horrible Things   Summ           1%         N/A       100%        8


Dungeon Overview and Level Annotations

Branches:
Dungeon (4/15)
 Temple: D:4-7

Altars:

Shops:
D:1 *


Innate Abilities, Weirdness & Mutations

One of your tentacles has grown a beastly spike.
You cannot wear most types of armour.
You are amphibious.
You can wear up to eight rings at the same time.
Your skin changes colour to match your surroundings (Stealth+).
Your rubbery body absorbs attacks. (AC +1, EV +1)
((You are camouflaged near water. (Stealth+)))
You have tentacles for arms and can constrict up to eight enemies at once.


Message History

You climb downwards.
You hear the sound of rushing water.
There is an entrance to a sewer on this level.
Hurry and find it before the portal rusts away!
You hear the rusting of a very distant drain.
Found 18 bolts.
There is a stone staircase leading up here.
A bullfrog skeleton comes into view.
A hobgoblin comes into view.
Casting: Beastly Appendage (safe; 4% risk of failure)
Confirm with . or Enter, or press ? or * to list all spells.
One of your tentacles grows a vicious spike.
The bullfrog skeleton hits you.
Casting: Beastly Appendage (safe; 4% risk of failure)
Confirm with . or Enter, or press ? or * to list all spells.
Your blood is infused with primal strength.
The bullfrog skeleton hits you!
You tentacle-slap the bullfrog skeleton.
You grab the bullfrog skeleton.
You pierce the bullfrog skeleton, but do no damage.
You squeeze the bullfrog skeleton.
The bullfrog skeleton is lightly damaged.
You constrict the bullfrog skeleton. The bullfrog skeleton hits you!
You are too injured to fight recklessly!
You are too injured to fight recklessly!
Unknown command.
You tentacle-slap the bullfrog skeleton.
You pierce the bullfrog skeleton.
The bullfrog skeleton is heavily damaged.
You constrict the bullfrog skeleton. The bullfrog skeleton hits you.
* * * LOW HITPOINT WARNING * * *
The hobgoblin barely misses you.
You tentacle-slap the bullfrog skeleton but do no damage.
You pierce the bullfrog skeleton.
You squeeze the bullfrog skeleton.
The bullfrog skeleton is almost destroyed.
You constrict the bullfrog skeleton. The bullfrog skeleton hits you.
* * * LOW HITPOINT WARNING * * *
The hobgoblin hits you.
* * * LOW HITPOINT WARNING * * *
The bullfrog skeleton hits you.
You die...

#####
###.<.#######
####............
..........####.###
..........@.......
....##.##.gZ..##.#
... #.# ##.#.## ..
#(. .###.. . ##. #
##. #. ##. .# ##.
... . ##.. ##..##
....# #.#...#


You could see a hobgoblin and a bullfrog skeleton.

Vanquished Creatures
  An iguana (D:4)
  A hound skeleton (D:2)
  2 adders (D:3)
  A worm (D:1)
  A dart slug (D:2)
  2 orcs (D:3)
  5 bats
  9 endoplasms
  4 giant cockroaches (D:1)
  11 goblins
  7 hobgoblins
  7 jackals
  A quokka (D:3)
  5 ball pythons
  5 frilled lizards
  7 rats
69 creatures vanquished.

Notes
Turn   | Place    | Note
-------+----------+-------------------------------------------
     0 | D:1      | Glokmah the Octopode Transmuter began the quest for the
                  | Orb.
     0 | D:1      | Reached XP level 1. HP: 13/13 MP: 3/3
     1 | D:1      | Found a runed translucent door.
   109 | D:1      | Reached XP level 2. HP: 5/18 MP: 3/5
   112 | D:1      | Learned a level 2 spell: Wereblood
   554 | D:1      | Reached XP level 3. HP: 9/23 MP: 3/6
   764 | D:1      | Found a faded altar of an unknown god.
   879 | D:1      | Found Liddin's General Store.
  1349 | D:2      | Learned a level 3 spell: Spider Form
  1644 | D:2      | Reached XP level 4. HP: 27/28 MP: 3/7
  3444 | D:4      | Reached skill level 4 in Unarmed Combat
  3444 | D:4      | Reached skill level 1 in Poison Magic
  3444 | D:4      | Reached XP level 5. HP: 30/34 MP: 6/8
  3574 | D:4      | Slain by a bullfrog skeleton

Illustrated notes

Levels and vault maps discovered:
D:1:      dpeg_arrival_caged_fury, layout_basic, ebering_ecumenical_altar_ruins,
          serial_shops, shop
D:2:      layout_loops_cross
D:3:      layout_basic
D:4:      layout_cave_pools, portal_sewer_entry_a, minmay_ruptured

Skill      XL: |  1  2  3  4 |
---------------+-------------+-----
Transmutations | 3 |  3.3
Fighting       | 2 |  2.0
Unarmed Combat | 4 |  4.0
Poison Magic   | 1 |  1.0
Dodging        | |  2.0
Spellcasting   | |  2.6

Action                   |  1- 3 |  4- 6 || total
-------------------------+-------+-------++-------
Melee: Unarmed           |    92 |    49 ||   141
       Constrict         |    20 |    15 ||    35
       Kick              |    15 |    15 ||    30
       Tentacles         |    12 |    12 ||    24
       Punch             |     2 |     1 ||     3
 Cast: Beastly Appendage |    21 |    16 ||    37
       Wereblood         |     7 |     6 ||    13
  Use: Scroll            |       |     7 ||     7
 Stab: Sleeping          |     7 |     3 ||    10
Armor: Skin              |    10 |     3 ||    13
Dodge: Dodged            |    47 |    24 ||    71

Table legend: (Time is in decaauts)
 A = Elapsed time spent in this place.
 B = Non-inter-level travel time spent in this place.
 C = Inter-level travel time spent in this place.
 D = Time resting spent in this place.
 E = Time spent auto-exploring this place.
 F = Levels seen in this place.
 G = Mean time per level.
                   A        B        C        D        E       F      G
               +--------+--------+--------+--------+--------+-----+--------+
         Total |   3570 |   3228 |    342 |    160 |   2510 |   4 |  892.5 |
       Dungeon |   3570 |   3228 |    342 |    160 |   2510 |   4 |  892.5 |
               +--------+--------+--------+--------+--------+-----+--------+

Top non-repeatable levels by time:
     D:3: 1356 daAuts
     D:1: 1205 daAuts
     D:2: 957 daAuts
     D:4: 51 daAuts
